Workbook

Sheet Section A
A1: Cost Estimate
A2: EXAMPLE-01 - Example Relief Road, Ennis
A3: 2026-10-08
A4: Employer's cost estimate. Confidential: not for issue to tenderers.
A7: Number | B7: Item description | C7: Unit | D7: Quantity | E7: Rate | F7: Amount
E8: € | F8: €
A9: A | B9: General items, provisional services and additional items
A10: A1 | B10: Offices and stores for the Contractor | C10: sum | D10: 1 | E10: Rate to be entered | F10: =IF(ISNUMBER(E10),D10*E10,"")
A11: A2 | B11: Establish on site all plant, equipment and services for a Green Category site | C11: sum | D11: 1 | E11: Rate to be entered | F11: =IF(ISNUMBER(E11),D11*E11,"")
A12: A2.1 | B12: Establish on site cable percussion ('shell & auger') boring plant and equipment for a Green Category site | C12: sum | D12: Not Required | E12: N/A | F12: -
A13: A2.2 | B13: Establish on site rotary drilling plant and equipment for a Green Category site | C13: sum | D13: Not Required | E13: N/A | F13: -
A14: A2.3 | B14: Establish on site Geobor S rotary drilling plant and equipment for a Green Category site | C14: sum | D14: Not Required | E14: N/A | F14: -
A15: A2.4 | B15: Establish on site trial pitting and trenching plant and equipment for a Green Category site | C15: sum | D15: Not Required | E15: N/A | F15: -
A16: A2.5 | B16: Establish on site in situ test and sampling equipment for a Green Category site | C16: sum | D16: Not Required | E16: N/A | F16: -
A17: A2.6 | B17: Establish on site cone penetration testing (CPT) plant and equipment for a Green Category site | C17: sum | D17: Not Required | E17: N/A | F17: -
A18: A2.7 | B18: Establish on site dynamic sampling and probing plant and equipment for a Green Category site | C18: sum | D18: Not Required | E18: N/A | F18: -
A19: A2.8 | B19: Establish on site geophysical survey equipment for a Green Category site | C19: sum | D19: Not Required | E19: N/A | F19: -
A20: A2.9 | B20: Establish on site instrumentation equipment as required for a Green Category site | C20: sum | D20: Not Required | E20: N/A | F20: -
A21: A3.1 | B21: Extra over item A2.1 - A2.9 for a yellow category site | C21: provisional sum | D21: Not Required | E21: N/A | F21: -
A22: A3.2 | B22: As Item A3.1 but for a Red Category site | C22: provisional sum | D22: Not Required | E22: N/A | F22: -
A23: A4.1 | B23: Maintain on site all site safety equipment for a Yellow Category site | C23: provisional sum | D23: Included in Item 3.1 | E23: N/A | F23: -
... A26: A5.2 | B26: Decontamination of equipment during and at end of intrusive investigation for a Red Category site | C26: provisional sum | D26: Not Required | E26: N/A | F26: -
A27: A6 | B27: Appropriate storage, transport and off-site disposal of excess contaminated arisings from borehole, trial pit or slit trench to EPA regulated landfill site (includes any PPE equipment but excludes laboratory testing on suspected contaminated materials). Note item to be remeasured with delivery dockets and records maintained by the Contractor. | C27: provisional sum | D27: 1 | E27: Rate to be entered | F27: =IF(ISNUMBER(E27),D27*E27,"")
A28: A6.1 | B28: Contractor's uplift on Item A6 | C28: % | D28: Not Required | E28: N/A | F28: -
A29: A7 | B29: Provide professional attendance to meet the contract requirements | C29: sum | D29: 1 | E29: Rate to be entered | F29: =IF(ISNUMBER(E29),D29*E29,"")
A30: A7.1 | B30: Provide Technician | C30: per day | D30: Included in A7 | E30: N/A | F30: -
A31: A7.2 | B31: Provide Engineer / Geologist (as per item 2.3 of Specification) | C31: per day | D31: Included in A7 | E31: N/A | F31: -
A32: A7.3 | B32: Provide Chartered Engineer / Professional Geologist (as item 2.3 of Specification) | C32: per day | D32: Included in A7 | E32: N/A | F32: -
A33: A7.4 | B33: Provide Chartered Engineer / Professional Geologist (+10 years experience post charter) | C33: per day | D33: Included in A7 | E33: N/A | F33: -
A34: A7.5 | B34: Provide Chartered Engineer / Professional Geologist (+20 years experience post charter) | C34: per day | D34: Included in A7 | E34: N/A | F34: -
A35: A8 | B35: Set out the location at each exploratory hole or point | C35: Nr | D35: 150 | E35: 15 | F35: =IF(ISNUMBER(E35),D35*E35,"") -> 2250
A36: A8.1 | B36: Establish the location and elevation (X, Y, Z) of the ground at each 'as-built' exploratory hole or point | C36: nr | D36: 150 | E36: 15 | F36: =IF(ISNUMBER(E36),D36*E36,"") -> 2250
A37: A9 | B37: Preparation of Health and Safety documentation and Safety Risk Assessment | C37: sum | D37: 1 | E37: Rate to be entered | F37: =IF(ISNUMBER(E37),D37*E37,"")
A38: A10 | B38: Facilities for the Investigation Supervisor | C38: per week | D38: Not Required | E38: N/A | F38: -
A39: A11 | B39: Vehicle(s) for the Investigation Supervisor | C39: vehicle wk | D39: Not Required | E39: N/A | F39: -
A40: A11.1 | B40: Provision of fuel and tolls for A11 (to be reimbursed under the contract) | C40: provisional sum | D40: Not Required | E40: N/A | F40: -
A41: A11.2 | B41: Contractors uplift on item A11 and A11.1 | C41: % uplift | D41: Not Required | E41: N/A | F41: -
A42: A12 | B42: Provision of phone and internet for the Investigation Supervisor (to be reimbursed under the contract) | C42: provisional sum | D42: Not Required | E42: N/A | F42: -
A43: A12.1 | B43: Contractors Uplift on item A12 | C43: % uplift | D43: Not Required | E43: N/A | F43: -
A44: A13 | B44: Deliver selected cores and samples specified Client address (address to be advised) | C44: provisional sum | D44: Not Required | E44: N/A | F44: -
A45: A14 | B45: Special additional testing and sampling required by Investigation Supervisor | C45: provisional sum | D45: Not Required | E45: N/A | F45: -
A46: A15 | B46: Traffic safety and management to include preparation of traffic management drawings for investigations on roads or pavement areas | C46: sum | D46: 1 | E46: Rate to be entered | F46: =IF(ISNUMBER(E46),D46*E46,"")
A47: A16 | B47: Provision of road opening licences and road damage bonds | C47: provisional sum | D47: 1 | E47: Rate to be entered | F47: =IF(ISNUMBER(E47),D47*E47,"")
A48: A17 | B48: Contractors uplift on items A15 and A16 | C48: % uplift | D48: Not Required | E48: N/A | F48: -
A49: A18 | B49: One master copy of Desk Study Report | C49: sum | D49: Not Required | E49: N/A | F49: -
A50: A18.1 | B50: Additional hard copy of Desk Study Report | C50: nr | D50: Not Required | E50: N/A | F50: -
A51: A18.2 | B51: Electronic copy of Desk Study Report (PDF) | C51: sum | D51: Not Required | E51: N/A | F51: -
A52: A19 | B52: One master copy of the Ground Investigation Report (Factual) | C52: sum | D52: 1 | E52: Rate to be entered | F52: =IF(ISNUMBER(E52),D52*E52,"")
A53: A19.1 | B53: Additional copy of the Ground Investigation Report (Factual) | C53: nr | D53: Not Required | E53: N/A | F53: -
A54: A19.2 | B54: Electronic copy of Ground Investigation Report | C54: sum | D54: 1 | E54: Rate to be entered | F54: =IF(ISNUMBER(E54),D54*E54,"")
A55: A20 | B55: One master copy of Geophysical Report | C55: sum | D55: 1 | E55: Rate to be entered | F55: =IF(ISNUMBER(E55),D55*E55,"")
A56: A20.1 | B56: Additional hard copy of Geophysical Report | C56: nr | D56: Not Required | E56: N/A | F56: -
A57: A20.2 | B57: Electronic copy of Geophysical Report (PDF) | C57: sum | D57: 1 | E57: Rate to be entered | F57: =IF(ISNUMBER(E57),D57*E57,"")
A58: A21 | B58: One master copy of Geotechnical Interpretive Report | C58: sum | D58: Not Required | E58: N/A | F58: -
A59: A21.1 | B59: Additional copy of Geotechnical Interpretive Report | C59: nr | D59: Not Required | E59: N/A | F59: -
A60: A21.2 | B60: Electronic copy of Geotechnical Interpretive Report | C60: sum | D60: Not Required | E60: N/A | F60: -
A61: A22 | B61: Digital field/engineering logs in AGS transfer format | C61: sum | D61: 1 | E61: Rate to be entered | F61: =IF(ISNUMBER(E61),D61*E61,"")
A62: A23 | B62: Digital laboratory test data in AGS transfer files | C62: sum | D62: 1 | E62: Rate to be entered | F62: =IF(ISNUMBER(E62),D62*E62,"")
A63: A24 | B63: Digital copy of trial pit, slit trench or core photographs as per Specification | C63: sum | D63: 1 | E63: Rate to be entered | F63: =IF(ISNUMBER(E63),D63*E63,"")
A64: A25 | B64: Storage of all samples following completion of fieldworks | C64: wk | D64: 4 | E64: 50 | F64: =IF(ISNUMBER(E64),D64*E64,"") -> 200
A65: A26 | B65: Storage of core boxes following completion of fieldworks | C65: wk | D65: 4 | E65: 50 | F65: =IF(ISNUMBER(E65),D65*E65,"") -> 200
A66: A27 | B66: Provision of water supply for the fieldworks | C66: sum | D66: Included in A2 | E66: N/A | F66: -
A67: A28 | B67: Provision of Insurances | C67: sum | D67: 1 | E67: Rate to be entered | F67: =IF(ISNUMBER(E67),D67*E67,"")
A68: A29 | B68: Provision of Performance Bond | C68: sum | D68: Not Required | E68: N/A | F68: -
A69: A30 | B69: Perform the role of PSCS | C69: sum | D69: 1 | E69: Rate to be entered | F69: =IF(ISNUMBER(E69),D69*E69,"")
A70: A31 | B70: Contractor liaison with external bodies to obtain road opening licence, foreshore licence for marine investigations etc. (specify) | C70: sum | D70: 1 | E70: Rate to be entered | F70: =IF(ISNUMBER(E70),D70*E70,"")
B71: Total Section A carried to summary: | F71: =IF(SUM(F10:F70)=0,"",SUM(F10:F70)) -> 4900

Sheet Section B
A1: Cost Estimate
A2: EXAMPLE-01 - Example Relief Road, Ennis
A3: 2026-10-08
A4: Employer's cost estimate. Confidential: not for issue to tenderers.
A7: Number | B7: Item description | C7: Unit | D7: Quantity | E7: Rate | F7: Amount
E8: € | F8: €
A9: B | B9: Cable Percussion Boring (cable tool or percussive boring using minimum of 200mm diameter casing)
A10: B1 | B10: Move boring plant and equipment to the site of each exploratory hole and set up (cable percussive only) | C10: Refer to items B1.1 and B1.2 | D10: Refer to items B1.1 and B1.2 | E10: N/A | F10: -
A11: B1.1.1 | B11: Move boring plant and equipment to the site of each exploratory hole, set up, dismantle on completion and reinstate (cable percussive only) | C11: nr | D11: 39 | E11: 500 | F11: =IF(ISNUMBER(E11),D11*E11,"") -> 19500
A12: B1.1.2 | B12: Move boring plant and equipment to the site of each exploratory hole over safety barrier or other fence or wall, set up, dismantle on completion and reinstate (cable percussive only) | C12: nr | D12: Not Required | E12: N/A | F12: -
A13: B1.2.1 | B13: Move boring plant and equipment to the site of each exploratory hole, set up, dismantle on completion and reinstate (where borehole is to be followed on with rotary drilling) | C13: nr | D13: 33 | E13: 500 | F13: =IF(ISNUMBER(E13),D13*E13,"") -> 16500
A14: B1.2.2 | B14: Move boring plant and equipment to the site of each exploratory hole over safety barrier or other fence or wall, set up, dismantle on completion and reinstate (where borehole is to be followed on with rotary drilling) | C14: nr | D14: Not Required | E14: N/A | F14: -
A15: B2 | B15: Extra over Item B1 for setting up on a slope of gradient greater than 20% | C15: Refer to items B2.1 and B2.2 | D15: Refer to items B2.1 and B2.2 | E15: N/A | F15: -
A16: B2.1 | B16: Extra over Item B1.1 for setting up on a slope of gradient greater than 20% | C16: nr | D16: Not Required | E16: N/A | F16: -
A17: B2.2 | B17: Extra over Item B1.2 for setting up on a slope of gradient greater than 20% | C17: nr | D17: Not Required | E17: N/A | F17: -
A18: B3 | B18: Hand digging and CAT scan at borehole location to confirm absence of utility ducts (maximum depth of 1.2m or lesser if ground is assessed as potentially unstable) | C18: nr | D18: 72 | E18: 75 | F18: =IF(ISNUMBER(E18),D18*E18,"") -> 5400
A19: B3.1 | B19: Break out obstructions where present when hand digging at exploratory hole location for Item B3. | C19: m³ | D19: Not Required | E19: N/A | F19: -
A20: B4 | B20: Advance borehole between existing ground level and 10 m depth | C20: m | D20: 426 | E20: 40 | F20: =IF(ISNUMBER(E20),D20*E20,"") -> 17040
A21: B5 | B21: As Item B4 but between 10 m and 20 m depth | C21: m | D21: 3 | E21: 45 | F21: =IF(ISNUMBER(E21),D21*E21,"") -> 135
A22: B6 | B22: As Item B4 but between 20 m and 30 m depth | C22: m | D22: Not Required | E22: N/A | F22: -
A23: B7 | B23: As Item B4 but between 30 m and 40 m depth | C23: m | D23: Not Required | E23: N/A | F23: -
A24: B8 | B24: As Item B4 but between 40 m and 50 m depth | C24: m | D24: Not Required | E24: N/A | F24: -
A25: B9 | B25: Advance borehole through hard stratum or obstruction | C25: h | D25: 144 | E25: 75 | F25: =IF(ISNUMBER(E25),D25*E25,"") -> 10800
A26: B10 | B26: Provide aquifer protection measures at a single aquiclude/aquifer boundary or cross-contamination control measures at a single soil boundary in a borehole | C26: nr | D26: Included in B1 to B1.2.2 | E26: N/A | F26: -
A27: B11 | B27: Backfill borehole with cement/bentonite grout or bentonite pellets (where standpipe piezometer is not installed) | C27: m³ | D27: Included in B1 to B1.2.2 | E27: N/A | F27: -
A28: B12 | B28: Standing time for borehole plant, equipment and crew | C28: h | D28: 72 | E28: 50 | F28: =IF(ISNUMBER(E28),D28*E28,"") -> 3600
B29: Dynamic sampling (Window and Windowless Sampling)
A30: B13 | B30: Move dynamic sampling equipment to the site of each exploratory hole and set up | C30: nr | D30: Not Required | E30: N/A | F30: -
A31: B14 | B31: Extra over Item B13 for setting up on a slope of gradient greater than 20% | C31: nr | D31: Not Required | E31: N/A | F31: -
A32: B15 | B32: Hand digging and CAT scan at dynamic sampling location to confirm absence of utility ducts (maximum depth of 1.2m or lesser if ground is assessed as potentially unstable) | C32: nr | D32: Not Required | E32: N/A | F32: -
A33: B16 | B33: Break out surface obstruction where present | C33: h | D33: Not Required | E33: N/A | F33: -
A34: B17 | B34: Advance dynamic sample hole between existing ground level and 5 m depth | C34: m | D34: Not Required | E34: N/A | F34: -
A35: B18 | B35: As Item B15 but between 5 and 10 m depth | C35: m | D35: Not Required | E35: N/A | F35: -
A36: B19 | B36: Dynamic sampling >10m as instructed by the Investigation Supervisor | C36: m | D36: Not Required | E36: N/A | F36: -
A37: B20 | B37: Standing time for dynamic sampling equipment and crew | C37: hr | D37: Not Required | E37: N/A | F37: -
A38: B21 | B38: Backfill dynamic sample borehole with cement/bentonite grout or bentonite pellets (where standpipe or piezometer is not installed) | C38: m³ | D38: Included in B13 | E38: N/A | F38: -
B39: Reinstatement of Cable Percussive Borehole and Dynamic Sample Borehole
A40: B22 | B40: Reinstatement of gravel hardstanding | C40: m² | D40: Included in B1.1 & B1.2 | E40: N/A | F40: -
A41: B23 | B41: Reinstatement of asphalt / bituminous pavement | C41: m² | D41: Included in D53 | E41: N/A | F41: -
A42: B24 | B42: Reinstatement of grass areas | C42: m² | D42: Included in B1.1, B1.2 & B13 | E42: N/A | F42: -
A43: B25 | B43: Provision of stock proof fencing to borehole or dynamic sample work area | C43: nr | D43: Not Required | E43: N/A | F43: -
A44: B26 | B44: Disposal of excess or surplus inert arisings from cable percussion boring or dynamic sampling (where standpipe or piezometer is not installed) | C44: m³ | D44: Included in B1 to B1.2.2 | E44: N/A | F44: -
B45: Total Section B carried to summary: | F45: =IF(SUM(F10:F44)=0,"",SUM(F10:F44)) -> 72975

Sheet Section C
A1: Cost Estimate
A2: EXAMPLE-01 - Example Relief Road, Ennis
A3: 2026-10-08
A4: Employer's cost estimate. Confidential: not for issue to tenderers.
A7: Number | B7: Item description | C7: Unit | D7: Quantity | E7: Rate | F7: Amount
E8: € | F8: €
A9: C | B9: Rotary drilling
B10: Hand augering
A11: C1 | B11: Bring hand auger equipment to the position of each exploratory hole | C11: nr | D11: Not Required | E11: N/A | F11: -
A12: C2 | B12: Bore with hand auger from existing ground level to 2m depth | C12: m | D12: Not Required | E12: N/A | F12: -
A13: C3 | B13: As Item C2 but between 2 and 4m depth | C13: m | D13: Not Required | E13: N/A | F13: -
A14: C4 | B14: Standing time for hand auger equipment and crew | C14: h | D14: Not Required | E14: N/A | F14: -
A15: C5 | B15: Provision of hand augering equipment and crew for augering as directed by the Investigation Supervisor maximum depth 4m | C15: day | D15: Not Required | E15: N/A | F15: -
A16: C6 | B16: Backfill hand auger hole with cement/bentonite grout or bentonite pellets | C16: m | D16: Not Required | E16: N/A | F16: -
B17: Continuous flight and hollow-stem flight augering
A18: C7 | B18: Move mechanical augering plant and equipment to the site of each exploratory hole and set up. | C18: nr | D18: Not Required | E18: N/A | F18: -
A19: C7.1 | B19: Hand digging and CAT scan at rotary drillhole location to confirm absence of utility ducts ( maximum depth of 1.2m or lesser if ground is assessed as potentially unstable). | C19: nr | D19: Not Required | E19: N/A | F19: -
A20: C8 | B20: Extra over Item C7 for setting up on a slope of gradient greater than 20% | C20: nr | D20: Not Required | E20: N/A | F20: -
A21: C9 | B21: Break out obstructions where present when hand digging at auger hole location for Item C7.1. | C21: m³ | D21: Not Required | E21: N/A | F21: -
A22: C10 | B22: Standing time for rotary auger equipment and crew. | C22: h | D22: Not Required | E22: N/A | F22: -
A23: C11 | B23: Auger in materials other than hard strata at the specified diameter between existing ground level and 10m depth. | C23: m | D23: Not Required | E23: N/A | F23: -
A24: C12 | B24: As Item C11 but between 10 and 20m depth. | C24: m | D24: Not Required | E24: N/A | F24: -
A25: C13 | B25: As Item C11 but between 20 and 30m depth. | C25: m | D25: Not Required | E25: N/A | F25: -
A26: C14 | B26: Backfill auger hole with cement/bentonite grout or bentonite pellets | C26: m | D26: Not Required | E26: N/A | F26: -
B27: Rotary drilling with and without core recovery
A28: C15 | B28: Move rotary drilling plant and equipment to the site of each exploratory drillhole and set up. | C28: nr | D28: Refer to C15.1.1 to C15.2.2 & C15.3 | E28: N/A | F28: -
A29: C15.1.1 | B29: Move rotary drilling plant and equipment to the site of each exploratory drillhole, set up, dismantle on completion and reinstate (rotary follow-on). | C29: nr | D29: 33 | E29: 500 | F29: =IF(ISNUMBER(E29),D29*E29,"") -> 16500
A30: C15.1.2 | B30: Move rotary drilling plant and equipment to the site of each exploratory drillhole over safety barrier or other fence or wall, set up, dismantle on completion and reinstate (rotary follow-on). | C30: nr | D30: Not Required | E30: N/A | F30: -
A31: C15.2.1 | B31: Move rotary drilling plant and equipment to the site of each exploratory drillhole, set up, dismantle on completion and reinstate (rotary only). | C31: nr | D31: 21 | E31: Rate to be entered | F31: =IF(ISNUMBER(E31),D31*E31,"")
A32: C15.2.2 | B32: Move rotary drilling plant and equipment to the site of each exploratory drillhole, over safety barrier or other fence or wall, set up, dismantle on completion and reinstate (rotary only). | C32: nr | D32: Not Required | E32: N/A | F32: -
A33: C15.3 | B33: Hand digging and CAT scan at rotary drillhole location to confirm absence of utility ducts ( maximum depth of 1.2m or lesser if ground is assessed as potentially unstable) for rotary only borehole | C33: nr | D33: 21 | E33: Rate to be entered | F33: =IF(ISNUMBER(E33),D33*E33,"")
A34: C16 | B34: Extra over Item C15 for setting up on a slope of gradient greater than 20%. | C34: nr | D34: Not Required | E34: N/A | F34: -
A35: C17 | B35: Extra over Item C15 for setting up drilling plant for inclined drillhole | C35: nr | D35: Not Required | E35: N/A | F35: -
A36: C18 | B36: Break out obstructions where present when hand digging at exploratory hole location for C15.3. | C36: m³ | D36: Not Required | E36: N/A | F36: -
A37: C19 | B37: Standing time for rotary drilling plant, equipment and crew | C37: h | D37: 54 | E37: 75 | F37: =IF(ISNUMBER(E37),D37*E37,"") -> 4050
A38: C20 | B38: Provide aquifer protection measures at a single aquiclude/aquifer boundary in a drillhole | C38: nr | D38: Not Required | E38: N/A | F38: -
B39: Drilling without cores
A40: C21 | B40: Rotary drill in materials other than hard strata at the specified diameter, from which cores are not required, between existing ground level and 10m depth | C40: m | D40: Not Required | E40: N/A | F40: -
A41: C22 | B41: As Item C21 but between 10 and 20m depth | C41: m | D41: Not Required | E41: N/A | F41: -
A42: C23 | B42: As Item C21 but between 20 and 30m depth | C42: m | D42: Not Required | E42: N/A | F42: -
A43: C24 | B43: As Item C21 but between 30 and 40m depth | C43: m | D43: Not Required | E43: N/A | F43: -
A44: C25 | B44: As Item C21 but between 40 and 50m depth | C44: m | D44: Not Required | E44: N/A | F44: -
A45: C26 | B45: Extra over Items C21 to C25 for inclined rotary drillhole | C45: m | D45: Not Required | E45: N/A | F45: -
A46: C27 | B46: Rotary drill in hard strata at the specified diameter, from which cores are not required, between existing ground level and 10m depth. | C46: m | D46: Not Required | E46: N/A | F46: -
A47: C28 | B47: As Item C27 but between 10 and 20m depth | C47: m | D47: Not Required | E47: N/A | F47: -
A48: C29 | B48: As Item C27 but between 20 and 30m depth | C48: m | D48: Not Required | E48: N/A | F48: -
A49: C30 | B49: As Item C27 but between 30 and 40m depth | C49: m | D49: Not Required | E49: N/A | F49: -
A50: C31 | B50: As Item C27 but between 40 and 50m depth | C50: m | D50: Not Required | E50: N/A | F50: -
A51: C32 | B51: Extra over Items C27 to C31 for inclined drillhole | C51: m | D51: Not Required | E51: N/A | F51: -
A52: C33 | B52: Backfill rotary drillhole with cement/bentonite grout or bentonite pellets (where standpipe or piezometer is not installed). | C52: m³ | D52: Included in C15 to C15.2 | E52: N/A | F52: -
B53: Drilling to obtain cores
A54: C34 | B54: Rotary drill in materials other than hard strata to obtain cores of the specified diameter between existing ground level and 10m depth | C54: m | D54: Not Required | E54: N/A | F54: -
A55: C35 | B55: As Item C34 but between 10 and 20m depth (Provisional). | C55: m | D55: Not Required | E55: N/A | F55: -
A56: C36 | B56: As Item C34 but between 20 and 30m depth | C56: m | D56: Not Required | E56: N/A | F56: -
A57: C37 | B57: As Item C34 but between 30 and 40m depth | C57: m | D57: Not Required | E57: N/A | F57: -
A58: C38 | B58: As Item C34 but between 40 and 50m depth | C58: m | D58: Not Required | E58: N/A | F58: -
A59: C39 | B59: Extra over Items C34 to C38 for use of semi-rigid core liner | C59: m | D59: Not Required | E59: N/A | F59: -
A60: C40 | B60: Extra over Items C34 to C38 for coring inclined rotary drillhole | C60: m | D60: Not Required | E60: N/A | F60: -
A61: C41 | B61: Rotary drill in hard strata to obtain cores of the specified diameter between existing ground level and 10m depth | C61: m | D61: 235 | E61: 90 | F61: =IF(ISNUMBER(E61),D61*E61,"") -> 21150
A62: C42 | B62: As Item C41 but between 10 and 20m depth | C62: m | D62: 118 | E62: 100 | F62: =IF(ISNUMBER(E62),D62*E62,"") -> 11800
A63: C43 | B63: As Item C41 but between 20 and 30m depth | C63: m | D63: 12 | E63: 150 | F63: =IF(ISNUMBER(E63),D63*E63,"") -> 1800
A64: C44 | B64: As Item C41 but between 30 and 40m depth | C64: m | D64: Not Required | E64: N/A | F64: -
A65: C45 | B65: As Item C41 but between 40 and 50m depth | C65: m | D65: Not Required | E65: N/A | F65: -
A66: C46 | B66: Extra over Items C41 to C45 for use of semi-rigid liner | C66: m | D66: 365 | E66: Rate to be entered | F66: =IF(ISNUMBER(E66),D66*E66,"")
A67: C47 | B67: Extra over Items C41 to C45 for coring inclined rotary drillhole | C67: m | D67: Not Required | E67: N/A | F67: -
A68: C48 | B68: Backfill rotary drillhole with cement/bentonite grout or bentonite pellets (where standpipe or piezometer is not installed) | C68: m³ | D68: Included in C15 to C15.2 | E68: N/A | F68: -
A69: C49 | B69: Core box to be retained by the client | C69: nr | D69: Not Required | E69: N/A | F69: -
B70: Rotary percussive drilling (Odex / Symmetrix)
A71: C50 | B71: Move rotary percussive drilling plant and equipment to the site of each drill hole and set up | C71: nr | D71: Not Required | E71: N/A | F71: -
A72: C51 | B72: Extra over Item C50 for setting up on a slope of gradient greater than 20% | C72: nr | D72: Not Required | E72: N/A | F72: -
A73: C52 | B73: Rotary percussive drill at the specified diameter in any material between existing ground level and 10m depth | C73: m | D73: Not Required | E73: N/A | F73: -
A74: C53 | B74: As Item C52 but between 10 and 20m depth | C74: m | D74: Not Required | E74: N/A | F74: -
A75: C54 | B75: As Item C52 but between 20 and 30m depth | C75: m | D75: Not Required | E75: N/A | F75: -
A76: C55 | B76: As Item C52 but between 30 and 40m depth | C76: m | D76: Not Required | E76: N/A | F76: -
A77: C56 | B77: As Item C52 but between 40 and 50m depth | C77: m | D77: Not Required | E77: N/A | F77: -
A78: C57 | B78: Standing time for rotary percussive drilling plant, equipment and crew | C78: h | D78: Not Required | E78: N/A | F78: -
A79: C58 | B79: Backfill rotary percussive drillhole with cement/bentonite grout or bentonite pellets (where standpipe or piezometer is not installed) | C79: m | D79: Not Required | E79: N/A | F79: -
B80: Geobor S Rotary Drilling
A81: C59 | B81: Move drilling plant and equipment to the site of each exploratory drillhole and set up equipment (including recirculation tanks), dismantle on completion and reinstate | C81: nr | D81: Not Required | E81: N/A | F81: -
A82: C59.1 | B82: Move drilling plant and equipment to the site of each exploratory drillhole and set up equipment (including recirculation tanks) over safety barrier or other fence or wall, set up, dismantle on completion and reinstate | C82: nr | D82: Not Required | E82: N/A | F82: -
A83: C60 | B83: Hand digging and CAT scan at rotary drillhole location to confirm absence of utility ducts ( maximum depth of 1.2m or lesser if ground is assessed as potentially unstable) | C83: nr | D83: Not Required | E83: N/A | F83: -
A84: C61 | B84: Provision of biodegradable polymer gel (drilling fluid) for Geobor S coring | C84: sum | D84: Not Required | E84: N/A | F84: -
A85: C62 | B85: Break out surface obstructions where present at exploratory drillhole | C85: m³ | D85: Not Required | E85: N/A | F85: -
A86: C63 | B86: Standing time for Geobor S drilling plant, equipment and crew | C86: h | D86: Not Required | E86: N/A | F86: -
B87: Geobor S Rotary Coring (to produce 102mm diameter cores)
A88: C64 | B88: Rotary openhole drilling without core recover to install casing prior to Geobor coring (nominally 1.5m) | C88: m | D88: Not Required | E88: N/A | F88: -
A89: C65 | B89: Rotary drilling with Geobor S equipment to recover cores of overburden material using polymer gel/mud drilling fluid in depth range 0 to 10m | C89: m | D89: Not Required | E89: N/A | F89: -
A90: C66 | B90: As Item C65 but between 10 and 20m depth | C90: m | D90: Not Required | E90: N/A | F90: -
A91: C67 | B91: As Item C65 but between 20 and 30m depth | C91: m | D91: Not Required | E91: N/A | F91: -
A92: C68 | B92: As Item C65 but between 30 and 40m depth | C92: m | D92: Not Required | E92: N/A | F92: -
A93: C69 | B93: As Item C65 but between 40 and 50m depth | C93: m | D93: Not Required | E93: N/A | F93: -
A94: C70 | B94: Rotary drilling using Geobor S equipment to recover cores in bedrock formation(s) using polymer gel/mud drilling fluid in depth range 0 to 10m | C94: m | D94: Not Required | E94: N/A | F94: -
A95: C71 | B95: As Item C65 but between 10 and 20m depth | C95: m | D95: Not Required | E95: N/A | F95: -
A96: C72 | B96: As Item C65 but between 20 and 30m depth | C96: m | D96: Not Required | E96: N/A | F96: -
A97: C73 | B97: As Item C65 but between 30 and 40m depth | C97: m | D97: Not Required | E97: N/A | F97: -
A98: C74 | B98: As Item C65 but between 40 and 50m depth | C98: m | D98: Not Required | E98: N/A | F98: -
A99: C75 | B99: Extra over items C64 to C74 for inclined Geobor S drillhole (maximum of 20 degrees from the vertical) | C99: m | D99: Not Required | E99: N/A | F99: -
B100: Geobor S Rotary Drilling - Additional Items
A101: C76 | B101: Backfill Geobor S drillhole with cement/bentonite grout or bentonite pellets (where standpipe or piezometer is not installed) | C101: m³ | D101: Not Required | E101: N/A | F101: -
A102: C77 | B102: Provision of semi rigid core liner for items C64 - C75 | C102: m | D102: Not Required | E102: N/A | F102: -
...

Sheet Section D
A1: Cost Estimate
A2: EXAMPLE-01 - Example Relief Road, Ennis
A3: 2026-10-08
A4: Employer's cost estimate. Confidential: not for issue to tenderers.
A7: Number | B7: Item description | C7: Unit | D7: Quantity | E7: Rate | F7: Amount
E8: € | F8: €
A9: D | B9: Pitting and trenching
B10: Inspection pits Included for each exploratory hole: refer hand digging and CAT scan items at exploratory hole locations
A11: D1 | B11: Excavate inspection pit by hand to 1.2m depth. | C11: nr | D11: 48 | E11: Rate to be entered | F11: =IF(ISNUMBER(E11),D11*E11,"")
A12: D2 | B12: Extra over Item D1 for breaking out surface obstructions. | C12: m³ | D12: Not Required | E12: N/A | F12: -
B13: Trial pits and trenches (non paved areas)
A14: D3 | B14: Move equipment to the site of each trial pit or trench dismantle on completion and reinstate. | C14: nr | D14: 39 | E14: 300 | F14: =IF(ISNUMBER(E14),D14*E14,"") -> 11700
A15: D3.1 | B15: Extra over item D3 for setting to the site of exploratory hole over safety barrier or other fence or wall, set up, dismantle on completion and reinstate. | C15: nr | D15: Not Required | E15: N/A | F15: -
A16: D4 | B16: Extra over Item D3 for setting up on a slope of gradient greater than 20% | C16: nr | D16: Not Required | E16: N/A | F16: -
A17: D5 | B17: Extra over Item D3 for trial pit or trench between 4.5 and 6m depth | C17: nr | D17: Not Required | E17: N/A | F17: -
A18: D6 | B18: Excavate trial pit between existing ground level and 3m depth | C18: m | D18: 117 | E18: 10 | F18: =IF(ISNUMBER(E18),D18*E18,"") -> 1170
A19: D7 | B19: As Item D6 but between 3.0 and 4.5m depth | C19: m | D19: 3 | E19: 10 | F19: =IF(ISNUMBER(E19),D19*E19,"") -> 30
A20: D8 | B20: As Item D6 but between 4.5 and 6m depth | C20: m | D20: Not Required | E20: N/A | F20: -
A21: D9 | B21: Excavate trial trench between existing ground level and 3.0m depth | C21: m³ | D21: Not Required | E21: N/A | F21: -
A22: D10 | B22: As Item D9 between 3.0 and 4.5m in depth | C22: m³ | D22: Not Required | E22: N/A | F22: -
A23: D11 | B23: As Item D9 between 4.5 and 6m depth | C23: m³ | D23: Not Required | E23: N/A | F23: -
B24: Trial pits and trenches (paved areas)
A25: D12 | B25: Set up trial pit in road area to include erection of traffic management systems (works supervised by Engineer/ Geologist with valid CSCS Card for signing, lighting and guarding at roadworks) | C25: nr | D25: Not Required | E25: N/A | F25: -
A26: D13 | B26: Set up slit trench in road area to include erection of traffic management systems (works supervised by Engineer/ Geologist with valid CSCS Card for signing, lighting and guarding at roadworks) | C26: nr | D26: Not Required | E26: N/A | F26: -
A27: D14 | B27: Saw cut paved areas in advance of the works | C27: ln m | D27: Not Required | E27: N/A | F27: -
A28: D15 | B28: Breaking out hard material or surface obstructions | C28: m³ | D28: Not Required | E28: N/A | F28: -
A29: D16 | B29: Excavate trial pit in paved areas between ground level and 1.20m depth (works by either hand excavation or hand assisted machine excavation) | C29: m | D29: Not Required | E29: N/A | F29: -
A30: D17 | B30: As D16 but depth in range 1.2m to 3.0m | C30: m | D30: Not Required | E30: N/A | F30: -
A31: D18 | B31: Excavate slit trench in paved areas between ground level and 1.2m depth (works by either hand excavation or hand assisted machine excavation) | C31: m³ | D31: Not Required | E31: N/A | F31: -
A32: D19 | B32: Excavate slit trench in paved areas between 1.2m to 3.0m depth (works by either hand excavation or hand assisted machine excavation) | C32: m³ | D32: Not Required | E32: N/A | F32: -
A33: D20 | B33: Standing time for excavation plant, equipment and crew for machine dug trial pit or trench | C33: h | D33: 19.5 | E33: 50 | F33: =IF(ISNUMBER(E33),D33*E33,"") -> 975
B34: Observation pits and trenches
A35: D21 | B35: Move equipment to the site of each observation pit or trench of not greater than 4.5m depth | C35: nr | D35: Not Required | E35: N/A | F35: -
A36: D22 | B36: Extra over Item D21 for setting up on a slope of gradient greater than 20% | C36: nr | D36: Not Required | E36: N/A | F36: -
A37: D23 | B37: Extra over Item D21 for trial pit or trench between 4.5 and 6m depth | C37: nr | D37: Not Required | E37: N/A | F37: -
A38: D24 | B38: Excavate observation pit between existing ground level and 3.0m depth | C38: m | D38: Not Required | E38: N/A | F38: -
A39: D25 | B39: As Item D24 but between 3.0 and 4.5m depth | C39: m | D39: Not Required | E39: N/A | F39: -
A40: D26 | B40: As Item D24 but between 4.5 and 6m depth | C40: m | D40: Not Required | E40: N/A | F40: -
A41: D27 | B41: Extra over Item D24 for hand excavation | C41: m | D41: Not Required | E41: N/A | F41: -
A42: D28 | B42: Excavate observation trench between existing ground level and 3.0m depth | C42: m³ | D42: Not Required | E42: N/A | F42: -
A43: D29 | B43: As Item D28 but between 3.0 and 4.5m depth | C43: m³ | D43: Not Required | E43: N/A | F43: -
A44: D30 | B44: As Item D28 but between 4.5 and 6m depth | C44: m³ | D44: Not Required | E44: N/A | F44: -
A45: D31 | B45: Extra over Item D28 for hand excavation | C45: m³ | D45: Not Required | E45: N/A | F45: -
A46: D32 | B46: Extra over Items D24 to D26 for breaking out hard strata or obstructions | C46: h | D46: Not Required | E46: N/A | F46: -
... A49: D35 | B49: Standing time for excavation plant, equipment and crew for hand dug observation pit or trench | C49: h | D49: Not Required | E49: N/A | F49: -
B50: Daily provision of pitting crew and equipment
A51: D36 | B51: Provision of excavation plant equipment and crew for machine dug trial pits or trenches as directed by the Investigation Supervisor, maximum depth 3.0m | C51: day | D51: Included in A2, A2.4, D3 to D19 | E51: N/A | F51: -
A52: D37 | B52: As Item D36 but between 3.0 and 4.5m depth | C52: day | D52: Not Required | E52: N/A | F52: -
A53: D38 | B53: As Item D36 but between 4.5 and 6.0m depth | C53: day | D53: Not Required | E53: N/A | F53: -
A54: D39 | B54: Provision of excavation plant, equipment and crew for machine-dug observation pit or trench as directed by the Investigation Supervisor, maximum depth 3.0m | C54: day | D54: Not Required | E54: N/A | F54: -
A55: D40 | B55: As Item D39 but between 3.0 and 4.5m depth | C55: day | D55: Not Required | E55: N/A | F55: -
A56: D41 | B56: As Item D39 but between 4.5 and 6.0m depth | C56: day | D56: Not Required | E56: N/A | F56: -
A57: D42 | B57: As Item D39 but for hand excavation | C57: day | D57: Not Required | E57: N/A | F57: -
A58: D43 | B58: Extra over Items D36 to D38 and D39 to D41 for breaking out hard strata or obstructions | C58: day | D58: To be included in item D13 to D15 | E58: N/A | F58: -
B59: General
A60: D44 | B60: Bring pump to the position of each exploratory pit or trench | C60: nr | D60: Not Required | E60: N/A | F60: -
A61: D45 | B61: Pump water from pit or trench | C61: h | D61: Not Required | E61: N/A | F61: -
A62: D46 | B62: Extra over Item D38 for temporary storage, treatment and disposal of contaminated groundwater from trial pit or trench | C62: Provisional Sum | D62: Not Required | E62: N/A | F62: -
A63: D47 | B63: Leave open observation pit or trench | C63: day | D63: Not Required | E63: N/A | F63: -
A64: D48 | B64: Leave open trial pit or trench | C64: day | D64: Not Required | E64: N/A | F64: -
B65: Trial pit / slit trench backfill & reinstatement works
A66: D49 | B66: Backfill trial pit or trench excavation with arisings/excavated materials | C66: nr | D66: 39 | E66: 25 | F66: =IF(ISNUMBER(E66),D66*E66,"") -> 975
A67: D50 | B67: Reinstate grassed surface to include replacing of sod | C67: m² | D67: Included in Item D3 & D3.1 | E67: N/A | F67: -
A68: D50.2 | B68: Laying Turf Along Access Routes to Exploratory Holes | C68: m² | D68: Included in Item D3 & D3.1 | E68: N/A | F68: -
A69: D51 | B69: Backfill trenches, trial pits and inspection pits at exploratory hole locations in paved areas with imported granular fill (CL 804 sub-base) | C69: m³ | D69: Not Required | E69: N/A | F69: -
A70: D52 | B70: Backfill trenches, trial pits and inspection pits at exploratory hole locations in paved areas with CBGMB as Fig.A4.0 Method A of TII's CC-PAV-04007 | C70: m³ | D70: Not Required | E70: N/A | F70: -
A71: D53 | B71: Reinstatement of asphalt/bituminous pavement in accordance with TII's CC-PAV-04007. | C71: m² | D71: Not Required | E71: N/A | F71: -
A72: D54 | B72: Repair of road markings | C72: ln m | D72: Not Required | E72: N/A | F72: -
A73: D55 | B73: Disposal of excess or surplus inert arisings from trial pits or trenches (where imported granular fill or lean mix concrete is used as backfill) | C73: m³ | D73: To be included in item D51 and D52 | E73: N/A | F73: -
B74: Total Section D carried to summary: | F74: =IF(SUM(F10:F73)=0,"",SUM(F10:F73)) -> 14850

Sheet Section E
A1: Cost Estimate
A2: EXAMPLE-01 - Example Relief Road, Ennis
A3: 2026-10-08
A4: Employer's cost estimate. Confidential: not for issue to tenderers.
A7: Number | B7: Item description | C7: Unit | D7: Quantity | E7: Rate | F7: Amount
E8: € | F8: €
A9: E | B9: Sampling and monitoring during intrusive investigation
B10: Samples for geotechnical purposes
A11: E1 | B11: Jar sample | C11: nr | D11: Not Required | E11: N/A | F11: -
A12: E2 | B12: Tub sample | C12: nr | D12: 549 | E12: 3 | F12: =IF(ISNUMBER(E12),D12*E12,"") -> 1647
A13: E3 | B13: Bulk sample | C13: nr | D13: 549 | E13: 3 | F13: =IF(ISNUMBER(E13),D13*E13,"") -> 1647
A14: E4 | B14: Large bulk disturbed sample | C14: nr | D14: 55 | E14: 5 | F14: =IF(ISNUMBER(E14),D14*E14,"") -> 275
A15: E5 | B15: Open tube- thick walled sample (0 to 10m depth) | C15: nr | D15: 86 | E15: 20 | F15: =IF(ISNUMBER(E15),D15*E15,"") -> 1720
A16: E6 | B16: Open tube- thin walled sample (0 to 10m depth) | C16: nr | D16: 86 | E16: 20 | F16: =IF(ISNUMBER(E16),D16*E16,"") -> 1720
A17: E7 | B17: Piston sample (0 to 10m depth) | C17: nr | D17: Not Required | E17: N/A | F17: -
A18: E8.1 | B18: Extra over rate for item E5 in depth range 10m to 20m | C18: nr | D18: 1 | E18: Rate to be entered | F18: =IF(ISNUMBER(E18),D18*E18,"")
A19: E8.2 | B19: Extra over rate for item E6 in depth range 10m to 20m | C19: nr | D19: 1 | E19: Rate to be entered | F19: =IF(ISNUMBER(E19),D19*E19,"")
A20: E8.3 | B20: Extra over rate for item E7 in depth range 10m to 20m | C20: nr | D20: Not Required | E20: N/A | F20: -
A21: E9 | B21: Groundwater sample | C21: nr | D21: Not Required | E21: N/A | F21: -
A22: E10 | B22: Ground Gas sample | C22: nr | D22: Not Required | E22: N/A | F22: -
A23: E11 | B23: Cut, prepare and protect core sub-sample | C23: nr | D23: 244 | E23: Rate to be entered | F23: =IF(ISNUMBER(E23),D23*E23,"")
B24: Samples for environmental / contamination analysis
A25: E12 | B25: Environmental / contamination sample for Suite E | C25: nr | D25: Not Required | E25: N/A | F25: -
A26: E13 | B26: Environmental / contamination sample for Suite F | C26: nr | D26: Not Required | E26: N/A | F26: -
A27: E14 | B27: Ground gas sample for Suite G | C27: nr | D27: Not Required | E27: N/A | F27: -
A28: E15 | B28: Environmental / contamination sample for Suite H | C28: nr | D28: Not Required | E28: N/A | F28: -
A29: E16 | B29: Environmental / contamination sample for Suite I | C29: nr | D29: Not Required | E29: N/A | F29: -
A30: E17 | B30: Other specialist environmental / contamination sampling as specified by Investigation Supervisor (Suite J) | C30: nr | D30: Not Required | E30: N/A | F30: -
B31: (Note sample rate includes provision of specialist containers)
B32: Total Section E carried to summary: | F32: =IF(SUM(F10:F31)=0,"",SUM(F10:F31)) -> 7009

Sheet Section F
A1: Cost Estimate
A2: EXAMPLE-01 - Example Relief Road, Ennis
A3: 2026-10-08
A4: Employer's cost estimate. Confidential: not for issue to tenderers.
A7: Number | B7: Item description | C7: Unit | D7: Quantity | E7: Rate | F7: Amount
E8: € | F8: €
A9: F | B9: Probing and cone penetration testing
B10: Dynamic probing (DPH)
A11: F1 | B11: Bring dynamic probe (DPH) equipment to the site of each test location | C11: nr | D11: Not Required | E11: N/A | F11: -
A12: F2 | B12: Extra over Item F1 for setting up on a slope of gradient greater than 20% | C12: nr | D12: Not Required | E12: N/A | F12: -
A13: F3 | B13: Carry out dynamic probe test from existing ground level to 5m depth | C13: m | D13: Not Required | E13: N/A | F13: -
A14: F4 | B14: As Item F3 but between 5 and 10m depth | C14: m | D14: Not Required | E14: N/A | F14: -
A15: F5 | B15: As Item F3 but between 10 and 15m depth | C15: m | D15: Not Required | E15: N/A | F15: -
A16: F6 | B16: Standing time for dynamic probe test equipment and crew | C16: h | D16: Not Required | E16: N/A | F16: -
A17: F7 | B17: Provision of dynamic probing equipment and crew for probing as directed by the Investigation Supervisor; maximum depth 15m | C17: day | D17: Not Required | E17: N/A | F17: -
B18: Cone penetration testing
A19: F8 | B19: Bring static cone penetration test equipment to the site of each test location | C19: nr | D19: 9 | E19: Rate to be entered | F19: =IF(ISNUMBER(E19),D19*E19,"")
A20: F9 | B20: Extra over Item F8 for setting up on a slope of gradient greater than 20% | C20: nr | D20: Not Required | E20: N/A | F20: -
A21: F10 | B21: Carry out static cone penetration test measuring both cone and sleeve resistance from existing ground level to 10m depth | C21: m | D21: 54 | E21: Rate to be entered | F21: =IF(ISNUMBER(E21),D21*E21,"")
A22: F11 | B22: As Item F10 but between 10 and 20m depth | C22: m | D22: Not Required | E22: N/A | F22: -
A23: F12 | B23: As Item F10 but between 20 and 30m depth | C23: m | D23: Not Required | E23: N/A | F23: -
A24: F13 | B24: As Item F10 but between 30 and 40m depth | C24: m | D24: Not Required | E24: N/A | F24: -
A25: F14 | B25: Extra over Items F10 to F13 for use of piezocone | C25: m | D25: 54 | E25: Rate to be entered | F25: =IF(ISNUMBER(E25),D25*E25,"")
A26: F15 | B26: Extra over Items F10 to F13 for interpretation of CPT/CPTU data | C26: m | D26: 54 | E26: Rate to be entered | F26: =IF(ISNUMBER(E26),D26*E26,"")
A27: F16 | B27: Carry out dissipation test up to 1 hour duration | C27: nr | D27: 9 | E27: Rate to be entered | F27: =IF(ISNUMBER(E27),D27*E27,"")
A28: F17 | B28: Extra over Item F16 for test duration exceeding 1 hour | C28: h | D28: Not Required | E28: N/A | F28: -
A29: F18 | B29: Standing time for static cone penetration test equipment and crew | C29: h | D29: 4.5 | E29: Rate to be entered | F29: =IF(ISNUMBER(E29),D29*E29,"")
A30: F19 | B30: Extra over Items F10 to F13 for use of seismic cone | C30: m | D30: Not Required | E30: N/A | F30: -
A31: F20 | B31: Carry out seismic cone test | C31: nr | D31: Not Required | E31: N/A | F31: -
A32: F21 | B32: Extra over Item F20 for interpretation of seismic cone data | C32: nr | D32: Not Required | E32: N/A | F32: -
A33: F22 | B33: Standing time for seismic cone test equipment and crew | C33: h | D33: Not Required | E33: N/A | F33: -
B34: Contract specific additional bill items
A35: F23 | B35: Bring peat probe equipment to the site of each probe location | C35: nr | D35: 9 | E35: Rate to be entered | F35: =IF(ISNUMBER(E35),D35*E35,"")
A36: F24 | B36: Carry out peat probe from existing ground level to the base of the peat | C36: m | D36: 45 | E36: Rate to be entered | F36: =IF(ISNUMBER(E36),D36*E36,"")
B37: Total Section F carried to summary: | F37: =IF(SUM(F10:F36)=0,"",SUM(F10:F36))

Sheet Section G
A1: Cost Estimate
A2: EXAMPLE-01 - Example Relief Road, Ennis
A3: 2026-10-08
A4: Employer's cost estimate. Confidential: not for issue to tenderers.
A7: Number | B7: Item description | C7: Unit | D7: Quantity | E7: Rate | F7: Amount
E8: € | F8: €
A9: G | B9: Geophysical testing
B10: Land-based mapping techniques
A11: G1 | B11: Conduct and process Ground Penetrating Radar (GPR) profiles to PAS 128 QL B1P as per the specification | C11: m² | D11: Not Required | E11: N/A | F11: -
A12: G2 | B12: Conduct and process electro magnetic conductivity (EMC) profiles | C12: ln m | D12: Not Required | E12: N/A | F12: -
A13: G3 | B13: Conduct and process electrical resistivity tomography (ERT) profiles | C13: ln m | D13: 5039 | E13: 7 | F13: =IF(ISNUMBER(E13),D13*E13,"") -> 35273
A14: G4 | B14: Conduct and process seismic refraction spreads (P or S wave) | C14: ln m | D14: Not Required | E14: N/A | F14: -
A15: G5 | B15: Conduct and process surface wave spreads (1D or 2D MASW) | C15: ln m | D15: Not Required | E15: N/A | F15: -
B16: Borehole geophysical surveying
A17: G6 | B17: Establish down-hole geophysical logging equipment and personnel to the site of each exploratory hole and set up at each location | C17: sum | D17: Not Required | E17: N/A | F17: -
A18: G7 | B18: Conduct and process down the hole calliper, natural gamma, resistivity, sonic, fluid, temperature, conductivity, and fluid flow logging | C18: m | D18: Not Required | E18: N/A | F18: -
A19: G8 | B19: Conduct and process cross-hole seismic readings at specified intervals | C19: nr | D19: Not Required | E19: N/A | F19: -
B20: Marine (overwater) geophysical surveying
A21: G9 | B21: Establish geophysical personnel and field equipment and demobilisation on completion | C21: sum | D21: Not Required | E21: N/A | F21: -
A22: G10 | B22: Conduct and process echo sounding, side scan sonar, magnetic, sub-bottom profile surveying | C22: day | D22: Not Required | E22: N/A | F22: -
B23: Contract specific additional bill items
A24: G11 | B24: Conduct and process microgravity survey at a structure or over a building footprint | C24: nr | D24: 4 | E24: Rate to be entered | F24: =IF(ISNUMBER(E24),D24*E24,"")
B25: Total Section G carried to summary: | F25: =IF(SUM(F10:F24)=0,"",SUM(F10:F24)) -> 35273

Sheet Section H
A1: Cost Estimate
A2: EXAMPLE-01 - Example Relief Road, Ennis
A3: 2026-10-08
A4: Employer's cost estimate. Confidential: not for issue to tenderers.
A7: Number | B7: Item description | C7: Unit | D7: Quantity | E7: Rate | F7: Amount
E8: € | F8: €
A9: H | B9: In situ testing
A10: H1.1 | B10: Standard penetration test in percussive borehole, depth range 0 to 10m | C10: nr | D10: 426 | E10: 20 | F10: =IF(ISNUMBER(E10),D10*E10,"") -> 8520
A11: H1.2 | B11: Standard penetration test in percussive borehole, depth range 10 to 20m | C11: nr | D11: 3 | E11: 25 | F11: =IF(ISNUMBER(E11),D11*E11,"") -> 75
A12: H1.3 | B12: Standard penetration test in percussive borehole, depth range 20 to 30m | C12: nr | D12: Not Required | E12: N/A | F12: -
A13: H1.4 | B13: Standard penetration test in percussive borehole, depth range 30 to 40m | C13: nr | D13: Not Required | E13: N/A | F13: -
A14: H2.1 | B14: Standard penetration test in rotary drillhole, depth range 0 to 10m | C14: nr | D14: Not Required | E14: N/A | F14: -
A15: H2.2 | B15: Standard penetration test in rotary drillhole, depth range 10 to 20m | C15: nr | D15: Not Required | E15: N/A | F15: -
A16: H2.3 | B16: Standard penetration test in rotary drillhole, depth range 20 to 30m | C16: nr | D16: Not Required | E16: N/A | F16: -
A17: H2.4 | B17: Standard penetration test in rotary drillhole, depth range 30 to 40m | C17: nr | D17: Not Required | E17: N/A | F17: -
A18: H3.1 | B18: Standard penetration test in dynamic sampling boreholes, depth range 0 to 10m | C18: nr | D18: Not Required | E18: N/A | F18: -
A19: H4 | B19: In-situ density testing | C19: nr | D19: Not Required | E19: N/A | F19: -
A20: H4.1 | B20: Small pouring cylinder method | C20: nr | D20: Not Required | E20: N/A | F20: -
A21: H4.2 | B21: Large pouring cylinder method | C21: nr | D21: Not Required | E21: N/A | F21: -
A22: H4.3 | B22: Water replacement method | C22: nr | D22: Not Required | E22: N/A | F22: -
A23: H4.4 | B23: Core cutter method | C23: nr | D23: Not Required | E23: N/A | F23: -
... A25: H5 | B25: California Bearing Ratio by plate bearing test by plunger method | C25: nr | D25: Not Required | E25: N/A | F25: -
A26: H6 | B26: California Bearing Ratio by TRL DCP method | C26: nr | D26: 19 | E26: Rate to be entered | F26: =IF(ISNUMBER(E26),D26*E26,"")
A27: H7 | B27: Vane shear strength test in borehole / trial pit / trench | C27: nr | D27: Not Required | E27: N/A | F27: -
A28: H8 | B28: Hand penetrometer test (set of 3 readings) | C28: nr | D28: Rate Only | E28: N/A | F28: -
A29: H9 | B29: Hand vane test (set of 3 readings) | C29: nr | D29: 36 | E29: Rate to be entered | F29: =IF(ISNUMBER(E29),D29*E29,"")
B30: Other tests
A31: H10 | B31: In situ geophysical techniques (resistivity and redox potential) for earthing analysis | C31: nr | D31: Not Required | E31: N/A | F31: -
B32: Permeability testing
A33: H11 | B33: Set up, execute and dismantle variable head permeability test in cable percussive borehole | C33: hr | D33: 30 | E33: Rate to be entered | F33: =IF(ISNUMBER(E33),D33*E33,"")
A34: H12 | B34: Set up, execute and dismantle constant head permeability test in cable percussive borehole | C34: hr | D34: Not Required | E34: N/A | F34: -
A35: H13 | B35: Set up, execute and dismantle variable head permeability test in rotary drillhole | C35: hr | D35: Not Required | E35: N/A | F35: -
A36: H14 | B36: Set up, execute and dismantle constant head permeability test in rotary drillhole | C36: hr | D36: Not Required | E36: N/A | F36: -
A37: H15 | B37: Set up, execute and dismantle variable head permeability test in standpipe or standpipe piezometer (rising or falling head test) | C37: hr | D37: Not Required | E37: N/A | F37: -
A38: H16 | B38: Set up and execute constant head permeability test in standpipe or standpipe piezometer | C38: hr | D38: Not Required | E38: N/A | F38: -
A39: H17 | B39: Set up and execute packer permeability test in rotary borehole (0 to 10m) | C39: hr | D39: Not Required | E39: N/A | F39: -
A40: H18 | B40: Set up and execute packer permeability test in rotary borehole (10 to 20m) | C40: hr | D40: Not Required | E40: N/A | F40: -
B41: Note: rates for permeability test in boreholes or rotary holes to include standing time rate for plant and equipment
B42: Soil infiltration test (BRE Digest 365)
A43: H19 | B43: Set up at each test location, excavate trial hole and prepare test area | C43: nr | D43: Not Required | E43: N/A | F43: -
A44: H20 | B44: Backfill test hole with clean imported gravel where excavation side walls are unstable | C44: m³ | D44: Not Required | E44: N/A | F44: -
A45: H21 | B45: Install 50mm standpipe in H18 to allow for monitoring of water levels | C45: nr | D45: Not Required | E45: N/A | F45: -
A46: H22 | B46: Carry out pre-soaking of test areas | C46: nr | D46: Not Required | E46: N/A | F46: -
A47: H23 | B47: Carry out soakaway tests in accordance with BRE Digest 365 (3 cycles) | C47: nr | D47: Not Required | E47: N/A | F47: -
A48: H24 | B48: Provision of water supply for infiltration testing | C48: sum | D48: Included in H23 | E48: N/A | F48: -
A49: H25 | B49: Protection and temporary fencing of works area as instructed by Investigation Supervisor | C49: nr | D49: Not Required | E49: N/A | F49: -
A50: H26 | B50: Calculation of infiltration rate for each test location | C50: nr | D50: Not Required | E50: N/A | F50: -
B51: Soil infiltration test (EPA Percolation test)
A52: H27 | B52: Set up at each test location, excavate trial hole and prepare test area | C52: nr | D52: Not Required | E52: N/A | F52: -
A53: H28 | B53: Carry out infiltration tests in accordance with EPA Guidelines (test to be carried out by an approved Engineer / Geologist in accordance with EPA requirements) | C53: nr | D53: Not Required | E53: N/A | F53: -
A54: H29 | B54: Provide report on percolation test (by Chartered Engineer or Professional Geologist) | C54: sum | D54: Not Required | E54: N/A | F54: -
B55: Plate Bearing Test
A56: H30 | B56: Set up at each plate test location to include kentledge / reaction weight and carry out plate test using a 300mm diameter plate. Test in accordance with NRA SRW CL642 | C56: nr | D56: Not Required | E56: N/A | F56: -
A57: H31 | B57: Set up at each plate test location to include kentledge / reaction weight and carry out plate test using a 450mm diameter plate. Test in accordance with NRA SRW CL642 | C57: nr | D57: Not Required | E57: N/A | F57: -
A58: H32 | B58: Set up at each plate test location to include kentledge / reaction weight and carry out plate test using a 600mm diameter plate. Test in accordance with NRA SRW CL642 | C58: nr | D58: Not Required | E58: N/A | F58: -
A59: H33 | B59: Extra over Items H29-H31 for test durations in excess of 2 hours per location | C59: hr | D59: Not Required | E59: N/A | F59: -
A60: H34 | B60: Provide plate test report with load settlement plot and calculation of Ks and CBR value to HD 25-26/10 | C60: nr | D60: Not Required | E60: N/A | F60: -
B61: Other specialist tests
A62: H35 | B62: Reading of free product level in borehole using an interface probe | C62: nr | D62: Not Required | E62: N/A | F62: -
A63: H36 | B63: Provide contamination screening test kits (per sample) | C63: nr | D63: Not Required | E63: N/A | F63: -
A64: H37 | B64: Carry out headspace testing on sample by FID or PID methods | C64: nr | D64: Not Required | E64: N/A | F64: -
A65: H38 | B65: Self boring pressuremeter | C65: day | D65: Not Required | E65: N/A | F65: -
A66: H39 | B66: High pressure dilatometer | C66: day | D66: Not Required | E66: N/A | F66: -
A67: H40 | B67: Menard Pressuremeter | C67: day | D67: Not Required | E67: N/A | F67: -
B68: Total Section H carried to summary: | F68: =IF(SUM(F10:F67)=0,"",SUM(F10:F67)) -> 8595

Sheet Section I
A1: Cost Estimate
A2: EXAMPLE-01 - Example Relief Road, Ennis
A3: 2026-10-08
A4: Employer's cost estimate. Confidential: not for issue to tenderers.
A7: Number | B7: Item description | C7: Unit | D7: Quantity | E7: Rate | F7: Amount
E8: € | F8: €
A9: I | B9: Instrumentation
B10: Standpipes and piezometers
A11: I1 | B11: Backfill exploratory hole with cement/bentonite grout or bentonite pellets | C11: m | D11: 139.5 | E11: 15 | F11: =IF(ISNUMBER(E11),D11*E11,"") -> 2092.5
A12: I2 | B12: Provide and install 19mm casagrande piezometer tip | C12: nr | D12: Not Required | E12: N/A | F12: -
A13: I3 | B13: Provide and install sand cell to I2 | C13: m | D13: Not Required | E13: N/A | F13: -
A14: I4 | B14: Provide and install 19mm casing/piezometer plain pipe | C14: m | D14: Not Required | E14: N/A | F14: -
A15: I5 | B15: Provide and install bentonite seals to I4 | C15: m | D15: Not Required | E15: N/A | F15: -
A16: I6 | B16: Provide and install proprietary slotted standpipe (50mm internal diameter) | C16: m | D16: 126 | E16: 15 | F16: =IF(ISNUMBER(E16),D16*E16,"") -> 1890
A17: I7 | B17: Provide and install gravel pack to I6 | C17: m | D17: 126 | E17: 15 | F17: =IF(ISNUMBER(E17),D17*E17,"") -> 1890
A18: I8 | B18: Provide and install proprietary casing / plain standpipe (50mm internal diameter) | C18: m | D18: 139.5 | E18: 15 | F18: =IF(ISNUMBER(E18),D18*E18,"") -> 2092.5
A19: I9 | B19: Provide and install bentonite seals to I8 | C19: m | D19: 60 | E19: 15 | F19: =IF(ISNUMBER(E19),D19*E19,"") -> 900
A20: I10 | B20: Provide and install slotted proprietary standpipe (100mm internal diameter) | C20: m | D20: Not Required | E20: N/A | F20: -
A21: I11 | B21: Provide and install gravel pack to I10 | C21: m | D21: Not Required | E21: N/A | F21: -
A22: I12 | B22: Provide and install casing/plain standpipe (100mm internal diameter) | C22: m | D22: Not Required | E22: N/A | F22: -
A23: I13 | B23: Provide and install bentonite seals to I12 | C23: m | D23: Not Required | E23: N/A | F23: -
A24: I14 | B24: Provide an install end caps to I6 or I10 | C24: nr | D24: 60 | E24: 10 | F24: =IF(ISNUMBER(E24),D24*E24,"") -> 600
A25: I15 | B25: Provide and install quick release gas valve to I6 or I10 | C25: nr | D25: Not Required | E25: N/A | F25: -
A26: I16 | B26: Provide and install protective cover (flush) | C26: nr | D26: Not Required | E26: N/A | F26: -
A27: I17 | B27: Provide and install protective cover (raised) | C27: nr | D27: 30 | E27: 100 | F27: =IF(ISNUMBER(E27),D27*E27,"") -> 3000
A28: I18 | B28: Extra over item I16 for heavy duty cover in pavements or highways | C28: nr | D28: Not Required | E28: N/A | F28: -
A29: I19 | B29: Supply and erect protective stock proof fencing around standpipe or piezometer installation | C29: nr | D29: 30 | E29: 75 | F29: =IF(ISNUMBER(E29),D29*E29,"") -> 2250
A30: I20 | B30: Supply and erect 1.5m high marker posts (3 x 1.5m) | C30: nr | D30: 30 | E30: 25 | F30: =IF(ISNUMBER(E30),D30*E30,"") -> 750
B31: Standpipe and piezometer development / purging
A32: I21 | B32: Supply equipment and personnel to carry out purging | C32: sum | D32: 1 | E32: Rate to be entered | F32: =IF(ISNUMBER(E32),D32*E32,"")
A33: I22 | B33: Develop standpipe or piezometer by purging (3 well volumes) | C33: h | D33: 30 | E33: Rate to be entered | F33: =IF(ISNUMBER(E33),D33*E33,"")
A34: I23 | B34: As item I22 but by airlift pumping | C34: nr | D34: Not Required | E34: N/A | F34: -
A35: I24 | B35: As item I22 but by over pumping | C35: nr | D35: Not Required | E35: N/A | F35: -
A36: I25 | B36: As item I22 but by jetting | C36: nr | D36: Not Required | E36: N/A | F36: -
A37: I26 | B37: Disposal of purged water | C37: litre | D37: Not Required | E37: N/A | F37: -
B38: Inclinometer
A39: I27 | B39: Supply and install inclinometer tubing in exploratory hole (not including forming/drilling of borehole) | C39: m | D39: Not Required | E39: N/A | F39: -
A40: I28 | B40: Grout in place inclinometer in cable percussive or rotary borehole | C40: m³ | D40: Not Required | E40: N/A | F40: -
A41: I29 | B41: Provision of calibrated inclinometer read out unit for monitoring during investigation | C41: per week | D41: Not Required | E41: N/A | F41: -
A42: I30 | B42: Carry out base set of inclinometer readings in inclinometer and process | C42: hr | D42: Not Required | E42: N/A | F42: -
A43: I31 | B43: Provide and install protective cover (flush) | C43: nr | D43: Not Required | E43: N/A | F43: -
B44: Slip Indicator
A45: I32 | B45: Provide and install protective cover (raised) slip indicators | C45: nr | D45: Not Required | E45: N/A | F45: -
A46: I33 | B46: Supply and install slip indicator in exploratory borehole, including brass probe (not including forming/drilling of borehole) | C46: m | D46: Not Required | E46: N/A | F46: -
A47: I34 | B47: Provide and install protective cover (flush) | C47: nr | D47: Not Required | E47: N/A | F47: -
A48: I35 | B48: Provide and install protective headwork cover (upright) | C48: nr | D48: Not Required | E48: N/A | F48: -
B49: Total Section I carried to summary: | F49: =IF(SUM(F10:F48)=0,"",SUM(F10:F48)) -> 15465

Sheet Section J
A1: Cost Estimate
A2: EXAMPLE-01 - Example Relief Road, Ennis
A3: 2026-10-08
A4: Employer's cost estimate. Confidential: not for issue to tenderers.
A7: Number | B7: Item description | C7: Unit | D7: Quantity | E7: Rate | F7: Amount
E8: € | F8: €
A9: J | B9: Installation monitoring and sampling (during Fieldwork Period)
A10: J1 | B10: Reading of water level in standpipe or standpipe piezometer during fieldwork period | C10: nr | D10: Input as Required | E10: N/A | F10: -
A11: J2 | B11: Ground gas measurement in gas monitoring standpipe during fieldwork period | C11: nr | D11: Input as Required | E11: N/A | F11: -
A12: J3 | B12: Provide Engineer or Geologist to take inclinometer readings as directed by Investigation Supervisor (per installation) | C12: nr | D12: Not Required | E12: N/A | F12: -
A13: J4 | B13: Provide Engineer or Geologist to take measurement of slip indicator (per installation) | C13: nr | D13: Not Required | E13: N/A | F13: -
A14: J5 | B14: Provide Engineer/Geologist to take water sample from standpipe or standpipe piezometer (rate not including purging or micro purging) | C14: nr | D14: Not Required | E14: N/A | F14: -
A15: J6 | B15: Extra over Item J5 for purging or micro-purging in excess of 3 well volumes | C15: h | D15: Not Required | E15: N/A | F15: -
A16: J7 | B16: Provide Engineer / Geologist to recover ground gas sample from gas monitoring standpipe | C16: nr | D16: Not Required | E16: N/A | F16: -
A17: J8 | B17: Provide Engineer / Geologist to read free product level in standpipe using an interface probe | C17: nr | D17: Not Required | E17: N/A | F17: -
B18: Installation monitoring and sampling (post Fieldwork Period)
A19: J9 | B19: Return visit to site following completion of fieldwork for field instrumentation | C19: nr | D19: 6 | E19: 50 | F19: =IF(ISNUMBER(E19),D19*E19,"") -> 300
A20: J10 | B20: Extra over Item J9 for groundwater measurements in standpipe or standpipe piezometer during return visit | C20: nr | D20: 180 | E20: 20 | F20: =IF(ISNUMBER(E20),D20*E20,"") -> 3600
A21: J11 | B21: Extra over Item J9 for ground gas measurements in standpipe during return visit | C21: nr | D21: Input as Required | E21: N/A | F21: -
A22: J12 | B22: Extra over Item J9 for set of inclinometer readings per installation during return visit and report results | C22: nr | D22: Not Required | E22: N/A | F22: -
A23: J13 | B23: Extra over Item J9 to check for ground slippage in slip indicator installation during return visit to site | C23: nr | D23: Not Required | E23: N/A | F23: -
A24: J14 | B24: Extra over Item J9 for water sample from standpipe or standpipe piezometer during return visit to site, including purging 3 volumes or micro-purging up to 3.0 hours | C24: nr | D24: Not Required | E24: N/A | F24: -
A25: J15 | B25: Extra over Item J14 for purging or micro-purging in excess of 3.0 hours | C25: h | D25: Included in Item J15 | E25: N/A | F25: -
A26: J16 | B26: Extra over Item J9 for ground gas sample from gas monitoring standpipe during return visit to site | C26: nr | D26: Not Required | E26: N/A | F26: -
A27: J17 | B27: Extra over Item J9 for reading of free product level in standpipe using an interface probe during return visit to site | C27: nr | D27: Not Required | E27: N/A | F27: -
A28: J18 | B28: Provision of equipment to facilitate measuring of free product in Item J17 | C28: sum | D28: Not Required | E28: N/A | F28: -
A29: J19 | B29: Provide and install data logger to measure groundwater levels in standpipes | C29: nr | D29: Not Required | E29: N/A | F29: -
A30: J20 | B30: Provide baro logger to monitor air pressure for item J19 | C30: nr | D30: Not Required | E30: N/A | F30: -
A31: J21 | B31: Provide Engineer / Geologist to visit site to download and process data logger and baro logger | C31: day | D31: Not Required | E31: N/A | F31: -
B32: Surface water body sampling and testing
A33: J22 | B33: Surface water body sample taken during fieldwork period | C33: nr | D33: Not Required | E33: N/A | F33: -
A34: J23 | B34: Surface water body sample taken during return visit to site | C34: nr | D34: Not Required | E34: N/A | F34: -
A35: J24 | B35: Determination of dissolved oxygen, conductivity, pH and temperature of surface water body during fieldwork period | C35: nr | D35: Not Required | E35: N/A | F35: -
A36: J25 | B36: Determination of dissolved oxygen, conductivity, pH and temperature of surface water body during return visit to site | C36: nr | D36: Not Required | E36: N/A | F36: -
B37: Total Section J carried to summary: | F37: =IF(SUM(F10:F36)=0,"",SUM(F10:F36)) -> 3900

Sheet Section K
A1: Cost Estimate
A2: EXAMPLE-01 - Example Relief Road, Ennis
A3: 2026-10-08
A4: Employer's cost estimate. Confidential: not for issue to tenderers.
A7: Number | B7: Item description | C7: Unit | D7: Quantity | E7: Rate | F7: Amount
E8: € | F8: €
A9: K | B9: Geotechnical laboratory testing
A10: K1 | B10: Classification
A11: K1.1 | B11: Moisture content | C11: nr | D11: 314 | E11: 10 | F11: =IF(ISNUMBER(E11),D11*E11,"") -> 3140
A12: K1.2 | B12: Liquid limit, plastic limit and plasticity index | C12: nr | D12: 183 | E12: 35 | F12: =IF(ISNUMBER(E12),D12*E12,"") -> 6405
A13: K1.3 | B13: Volumetric shrinkage | C13: nr | D13: Not Required | E13: N/A | F13: -
A14: K1.4 | B14: Linear shrinkage | C14: nr | D14: Not Required | E14: N/A | F14: -
A15: K1.5 | B15: Density by linear measurement | C15: nr | D15: Not Required | E15: N/A | F15: -
A16: K1.6 | B16: Density by immersion in water or water displacement | C16: nr | D16: Not Required | E16: N/A | F16: -
A17: K1.7 | B17: Dry density and saturation moisture content for chalk | C17: nr | D17: Not Required | E17: N/A | F17: -
A18: K1.8 | B18: Particle density by gas jar or pycnometer | C18: nr | D18: Not Required | E18: N/A | F18: -
A19: K1.9 | B19: Particle size distribution by wet sieving | C19: nr | D19: 183 | E19: 35 | F19: =IF(ISNUMBER(E19),D19*E19,"") -> 6405
A20: K1.10 | B20: Particle size distribution by dry sieving | C20: nr | D20: Input as Required | E20: N/A | F20: -
A21: K1.11 | B21: Sedimentation by pipette | C21: nr | D21: Not Required | E21: N/A | F21: -
A22: K1.12 | B22: Sedimentation by hydrometer | C22: nr | D22: Not Required | E22: N/A | F22: -
A23: K2 | B23: Chemical and electrochemical
A24: K2.1 | B24: Organic matter content | C24: nr | D24: Input as Required | E24: N/A | F24: -
A25: K2.2 | B25: Mass loss on ignition | C25: nr | D25: 20 | E25: Rate to be entered | F25: =IF(ISNUMBER(E25),D25*E25,"")
A26: K2.3 | B26: Sulphate content of acid extract from soil | C26: nr | D26: Not Required | E26: N/A | F26: -
A27: K2.4 | B27: Sulphate content of water extract from soil | C27: nr | D27: 28 | E27: 15 | F27: =IF(ISNUMBER(E27),D27*E27,"") -> 420
A28: K2.5 | B28: Sulphate content of groundwater | C28: nr | D28: Not Required | E28: N/A | F28: -
A29: K2.6 | B29: Carbonate content by rapid titration | C29: nr | D29: Not Required | E29: N/A | F29: -
A30: K2.7 | B30: Carbonate content by gravimetric method | C30: nr | D30: Not Required | E30: N/A | F30: -
A31: K2.8 | B31: Water soluble chloride content | C31: nr | D31: Input as Required | E31: N/A | F31: -
A32: K2.9 | B32: Acid soluble chloride content | C32: nr | D32: Not Required | E32: N/A | F32: -
A33: K2.10 | B33: Total sulphur content | C33: nr | D33: Not Required | E33: N/A | F33: -
A34: K2.11 | B34: Total dissolved solids | C34: nr | D34: Not Required | E34: N/A | F34: -
A35: K2.12 | B35: pH value | C35: nr | D35: 28 | E35: 10 | F35: =IF(ISNUMBER(E35),D35*E35,"") -> 280
A36: K2.13 | B36: Resistivity | C36: nr | D36: Not Required | E36: N/A | F36: -
A37: K2.14 | B37: Redox potential | C37: nr | D37: Not Required | E37: N/A | F37: -
A38: K3 | B38: Compaction related
A39: K3.1 | B39: Dry density/moisture content relationship using 2.5 kg rammer | C39: nr | D39: 2 | E39: 75 | F39: =IF(ISNUMBER(E39),D39*E39,"") -> 150
A40: K3.2 | B40: Dry density/moisture content relationship using 4.5 kg rammer | C40: nr | D40: Not Required | E40: N/A | F40: -
A41: K3.3 | B41: Dry density/moisture content relationship using vibrating hammer | C41: nr | D41: Input as Required | E41: N/A | F41: -
A42: K3.4 | B42: Extra over Items K3.1, K3.2 and K3.3 for use of CBR mould | C42: nr | D42: Not Required | E42: N/A | F42: -
A43: K3.6 | B43: Moisture Condition Value at natural moisture content | C43: nr | D43: Input as Required | E43: N/A | F43: -
A44: K3.7 | B44: Moisture Condition Value/moisture content relationship (five points) | C44: nr | D44: 2 | E44: 150 | F44: =IF(ISNUMBER(E44),D44*E44,"") -> 300
A45: K3.8 | B45: Chalk crushing value | C45: nr | D45: Not Required | E45: N/A | F45: -
A46: K3.9 | B46: California Bearing Ratio on re-compacted disturbed sample | C46: nr | D46: 19 | E46: 150 | F46: =IF(ISNUMBER(E46),D46*E46,"") -> 2850
A47: K3.9.1 | B47: Extra over for recompacting a soil sample to a specified moisture content | C47: nr | D47: Not Required | E47: N/A | F47: -
A48: K3.10 | B48: Extra over Item K3.9 for soaking | C48: day | D48: Not Required | E48: N/A | F48: -
A49: K4 | B49: Compressibility, permeability and durability
A50: K4.1 | B50: One-dimensional consolidation properties, test period 5 days | C50: nr | D50: 24 | E50: 120 | F50: =IF(ISNUMBER(E50),D50*E50,"") -> 2880
A51: K4.2 | B51: Extra over Item K4.1 for test period in excess of 5 days | C51: day | D51: Not Required | E51: N/A | F51: -
A52: K4.3 | B52: Measurements of swelling pressure, test period 2 days | C52: nr | D52: Not Required | E52: N/A | F52: -
A53: K4.4 | B53: Measurement of swelling, test period 2 days | C53: nr | D53: Not Required | E53: N/A | F53: -
A54: K4.5 | B54: Measurement of settlement on saturation, test period 1 day | C54: nr | D54: Not Required | E54: N/A | F54: -
A55: K4.6 | B55: Extra over Items K4.3 to K4.5 for test period in excess of 2 or 1 day (s) | C55: day | D55: Not Required | E55: N/A | F55: -
A56: K4.7 | B56: Permeability by constant head method | C56: nr | D56: Not Required | E56: N/A | F56: -
A57: K4.8 | B57: Dispersibility by pinhole method | C57: nr | D57: Not Required | E57: N/A | F57: -
A58: K4.9 | B58: Dispersibility by crumb method | C58: nr | D58: Not Required | E58: N/A | F58: -
A59: K4.10 | B59: Dispersibility by dispersion method | C59: nr | D59: Not Required | E59: N/A | F59: -
A60: K4.11 | B60: Frost heave of soil | C60: nr | D60: Not Required | E60: N/A | F60: -
A61: K5 | B61: Consolidation and permeability in hydraulic cells | C61: nr | D61: Not Required | E61: N/A | F61: -
A62: K5.1 | B62: Consolidation properties of a 76mm diameter specimen using a hydraulic cell, test period 4 days | C62: nr | D62: Not Required | E62: N/A | F62: -
... A75: K5.14 | B75: Extra over Item K5.13 for test period in excess of 4 days | C75: day | D75: Not Required | E75: N/A | F75: -
A76: K6 | B76: Shear strength (total stress)
A77: K6.1 | B77: Shear strength by the laboratory vane method (set of 3) | C77: nr | D77: Not Required | E77: N/A | F77: -
A78: K6.2 | B78: Shear strength by hand vane (set of 3) | C78: nr | D78: Not Required | E78: N/A | F78: -
A79: K6.3 | B79: Shear strength by hand penetrometer (set of 3) | C79: nr | D79: Not Required | E79: N/A | F79: -
A80: K6.4 | B80: Shear strength of a set of three 60mm × 60mm square specimens by direct shear, test duration not exceeding 1 day per specimen | C80: nr | D80: Input as Required | E80: N/A | F80: -
A81: K6.5 | B81: Extra over Item K6.4 for test durations in excess of 1 day per specimen | C81: sp.day | D81: Not Required | E81: N/A | F81: -
A82: K6.6 | B82: Shear strength of a single 300mm × 300mm square specimen by direct shear, test duration not exceeding 1 day | C82: nr | D82: Input as Required | E82: N/A | F82: -
A83: K6.7 | B83: Extra over Item K6.6 for test durations in excess of 1 day | C83: day | D83: Not Required | E83: N/A | F83: -
A84: K6.8 | B84: Residual shear strength of a set of three 60mm × 60mm square specimens by direct shear, test duration not exceeding 4 days per specimen | C84: nr | D84: Not Required | E84: N/A | F84: -
A85: K6.9 | B85: Extra over Item K6.8 for test durations in excess of 4 days per specimen | C85: sp.day | D85: Not Required | E85: N/A | F85: -
A86: K6.10 | B86: Residual shear strength of a 300mm square specimen by direct shear, test duration not exceeding 4 days | C86: nr | D86: Not Required | E86: N/A | F86: -
A87: K6.11 | B87: Extra over Item K6. 10 for test duration in excess day of 4 days | C87: day | D87: Not Required | E87: N/A | F87: -
A88: K6.12 | B88: Residual shear strength using the small ring shear apparatus at three normal pressures, test duration not exceeding 4 days | C88: nr | D88: Not Required | E88: N/A | F88: -
... A90: K6.14 | B90: Unconfined compressive strength of 38mm diameter specimen | C90: nr | D90: Not Required | E90: N/A | F90: -
A91: K6.15 | B91: Undrained shear strength of a set of three 38mm diameter specimens in triaxial compression without the measurement of pore pressure | C91: nr | D91: 24 | E91: 120 | F91: =IF(ISNUMBER(E91),D91*E91,"") -> 2880
A92: K6.16 | B92: Undrained strength of a single 100mm diameter specimen in triaxial compression without the measurement of pore pressure | C92: nr | D92: Not Required | E92: N/A | F92: -
A93: K6.17 | B93: Undrained shear strength of a single 100mm diameter specimen in triaxial compression with multi-stage loading and without measurement of pore pressure | C93: nr | D93: Input as Required | E93: N/A | F93: -
A94: K7 | B94: Shear strength (effective stress)
A95: K7.1 | B95: Consolidated undrained triaxial compression test with measurement of pore pressure (set of three 38mm specimens), test duration not exceeding 4 days per specimen | C95: nr | D95: Input as Required | E95: N/A | F95: -
A96: K7.2 | B96: As K7.1 but single-stage or multi-stage test using 100mm diameter specimen | C96: nr | D96: Not Required | E96: N/A | F96: -
A97: K7.3 | B97: Consolidated drained triaxial compression test with measurement of volume change (set of three 38mm specimens), test duration not exceeding 4 days per specimen | C97: nr | D97: Input as Required | E97: N/A | F97: -
A98: K7.4 | B98: As Item K7.3 but single-stage or multi-stage test using 100mm diameter specimen, test duration not exceeding 4 days | C98: nr | D98: Not Required | E98: N/A | F98: -
A99: K7.5 | B99: Extra over Items K7.1 and K7.3 for test duration in excess of 4 days per specimen | C99: sp.day | D99: Not Required | E99: N/A | F99: -
A100: K7.6 | B100: Extra over Items K7.2 and K7.4 for test duration in excess of 4 days | C100: day | D100: Not Required | E100: N/A | F100: -
A101: K8 | B101: Rock testing
A102: K8.1 | B102: Natural water content of rock sample | C102: nr | D102: Not Required | E102: N/A | F102: -
A103: K8.2 | B103: Porosity/density using saturation and calliper techniques | C103: nr | D103: Not Required | E103: N/A | F103: -
A104: K8.3 | B104: Porosity/density using saturation and buoyancy | C104: nr | D104: Not Required | E104: N/A | F104: -
A105: K8.4 | B105: Slake durability index | C105: nr | D105: Not Required | E105: N/A | F105: -
A106: K8.5 | B106: Soundness by magnesium sulphate | C106: nr | D106: Not Required | E106: N/A | F106: -
A107: K8.6 | B107: Magnesium sulphate test | C107: nr | D107: Not Required | E107: N/A | F107: -
A108: K8.7 | B108: Shore scleroscope | C108: nr | D108: Not Required | E108: N/A | F108: -
A109: K8.8 | B109: Schmidt rebound hardness | C109: nr | D109: Not Required | E109: N/A | F109: -
A110: K8.9 | B110: Resistance to fragmentation | C110: nr | D110: Not Required | E110: N/A | F110: -
A111: K8.10 | B111: Aggregate abrasion value | C111: nr | D111: Not Required | E111: N/A | F111: -
A112: K8.11 | B112: Polished stone value | C112: nr | D112: Not Required | E112: N/A | F112: -
A113: K8.12 | B113: Aggregate frost heave | C113: nr | D113: Not Required | E113: N/A | F113: -
A114: K8.13 | B114: Resistance to freezing and thawing | C114: nr | D114: Not Required | E114: N/A | F114: -
A115: K8.14 | B115: Uniaxial compressive strength | C115: nr | D115: 54 | E115: 70 | F115: =IF(ISNUMBER(E115),D115*E115,"") -> 3780
...

Sheet Section L
A1: Cost Estimate
A2: EXAMPLE-01 - Example Relief Road, Ennis
A3: 2026-10-08
A4: Employer's cost estimate. Confidential: not for issue to tenderers.
A7: Number | B7: Item description | C7: Unit | D7: Quantity | E7: Rate | F7: Amount
E8: € | F8: €
A9: L | B9: Geoenvironmental laboratory testing
B10: Contamination testing of soil, groundwater, gas and fill material)
A11: L.1 | B11: Tests Suite E | C11: nr | D11: Not Required | E11: N/A | F11: -
A12: L.2 | B12: Tests Suite F | C12: nr | D12: Not Required | E12: N/A | F12: -
A13: L.3 | B13: Tests Suite G | C13: nr | D13: Not Required | E13: N/A | F13: -
A14: L.4 | B14: Tests Suite H | C14: nr | D14: Not Required | E14: N/A | F14: -
A15: L.5 | B15: Tests Suite I | C15: nr | D15: Not Required | E15: N/A | F15: -
A16: L.6 | B16: Tests Suite J | C16: nr | D16: Not Required | E16: N/A | F16: -
B17: Total Section L carried to summary: | F17: =IF(SUM(F10:F16)=0,"",SUM(F10:F16))

Sheet Summary
A1: Summary of Cost Estimate
A2: EXAMPLE-01 - Example Relief Road, Ennis
A3: Employer's cost estimate. Confidential: not for issue to tenderers.
C4: €
A5: A. | B5: General items, provisional services and additional items | C5: ='Section A'!F71 -> 4900
A6: B. | B6: Percussion boring | C6: ='Section B'!F45 -> 72975
A7: C. | B7: Rotary drilling | C7: ='Section C'!F112 -> 55300
A8: D. | B8: Pitting and trenching | C8: ='Section D'!F74 -> 14850
A9: E. | B9: Sampling and monitoring during intrusive investigation | C9: ='Section E'!F32 -> 7009
A10: F. | B10: Probing and cone penetration testing | C10: ='Section F'!F37
A11: G. | B11: Geophysical testing | C11: ='Section G'!F25 -> 35273
A12: H. | B12: In situ testing | C12: ='Section H'!F68 -> 8595
A13: I. | B13: Instrumentation | C13: ='Section I'!F49 -> 15465
A14: J. | B14: Installation monitoring and sampling | C14: ='Section J'!F37 -> 3900
A15: K. | B15: Geotechnical laboratory testing | C15: ='Section K'!F127 -> 32730
A16: L. | B16: Geoenvironmental laboratory testing | C16: ='Section L'!F17
B17: =IF(C20=0,"Subtotal","Subtotal of the items priced") -> Subtotal of the items priced | C17: =SUM(C5:C16) -> 250997
B18: Contingency, 10% of the subtotal | C18: =ROUND(C17*10/100,2) -> 25099.7
B19: =IF(C20=0,"Total, excluding VAT","Incomplete total, excluding VAT") -> Incomplete total, excluding VAT | C19: =C17+C18 -> 276096.7
B20: =IF(C20=0,"Every measured item is priced","Measured items with no rate, not in the total") -> Measured items with no rate, not in the total | C20: =SUMPRODUCT(ISNUMBER('Section A'!D10:D70)*(1-ISNUMBER('Section A'!E10:E70)))+SUMPRODUCT(ISNUMBER('Section B'!D10:D44)*(1-ISNUMBER('Section B'!E10:E44)))+SUMPRODUCT(ISNUMBER('Section C'!D10:D111)*(1-ISNUMBER('Section C'!E10:E111)))+SUMPRODUCT(ISNUMBER('Section D'!D10:D73)*(1-ISNUMBER('Section D'!E10:E73)))+SUMPRODUCT(ISNUMBER('Section E'!D10:D31)*(1-ISNUMBER('Section E'!E10:E31)))+SUMPRODUCT(ISNUMBER('Section F'!D10:D36)*(1-ISNUMBER('Section F'!E10:E36)))+SUMPRODUCT(ISNUMBER('Section G'!D10:D24)*(1-ISNUMBER('Section G'!E10:E24)))+SUMPRODUCT(ISNUMBER('Section H'!D10:D67)*(1-ISNUMBER('Section H'!E10:E67)))+SUMPRODUCT(ISNUMBER('Section I'!D10:D48)*(1-ISNUMBER('Section I'!E10:E48)))+SUMPRODUCT(ISNUMBER('Section J'!D10:D36)*(1-ISNUMBER('Section J'!E10:E36)))+SUMPRODUCT(ISNUMBER('Section K'!D10:D126)*(1-ISNUMBER('Section K'!E10:E126)))+SUMPRODUCT(ISNUMBER('Section L'!D10:D16)*(1-ISNUMBER('Section L'!E10:E16))) -> 39
B22: Rates: default rates, Ground Intel default rates (prices of March 2026).
B23: 52 of 91 measured items priced (52 from the default rates).
B24: 39 items with no rate, shaded on the section sheets: "Rate to be entered". The total leaves them out, and is incomplete, until each has a rate.

Sheet Notes
B2: Cost Estimate (EXAMPLE-01 - Example Relief Road, Ennis)
B3: Date: 2026-10-08
B4: Employer's cost estimate. Confidential: not for issue to tenderers. The tender bill of quantities is exported separately, without prices.
B5: This estimate is preliminary. Its quantities were measured by rule from a ground investigation scope, itself generated from a desk study and a description of the proposed works. It must be reviewed by a competent geotechnical engineer before it is relied on.
B6: Rates: default rates, Ground Intel default rates (prices of March 2026).
B7: 52 of 91 measured items priced (52 from the default rates).
B8: 39 items with no rate, shaded on the section sheets: "Rate to be entered". The total leaves them out, and is incomplete, until each has a rate.
B9: The total is incomplete. It leaves out the measured items that have no rate (A1, A2, A6, A7, A9, A15, A16, A19, A19.2, A20, A20.2, A22, A23, A24, A28, A30, A31, C15.2.1, C15.3, C46, D1, E8.1, E8.2, E11, F8, F10, F14, F15, F16, F18, F23, F24, G11, H6, H9, H11, I21, I22, K2.2), and so is less than the cost of the work. Enter a rate for each on its section sheet, or upload your own rates, before the total is used as a budget.
B10: Contingency: 10% of the subtotal.
B11: Rates and totals exclude VAT. No allowance is made for changes in prices since the date of the rates.
B12: The rates are values and the Amount column and the totals are formulas: a rate entered or changed on a section sheet changes the totals. An item marked "N/A" has no quantity to price; a rate-only item shows its rate, with no amount.
B13: Site category green: no environmental sampling is scheduled.
... B33: Hole coordinates are taken from the alignment at each chainage. Holes sharing a chainage, those of one bridge support or of a culvert, are spread across it. They are indicative until confirmed on site.
